 Dungeon Crawl Stone Soup version 0.29.0-4-gdea44cf6ec (webtiles) character file.

Game seed: 18221890548875764704

771 qw the Cleaver (level 7, -3/41 HPs)
             Began as a Tengu Warper on Aug 28, 2022.
             Slain by an iguana (8 damage)
             ... on level 5 of the Dungeon.
             The game lasted 00:00:29 (5266 turns).

qw the Cleaver (Tengu Warper)                       Turns: 5266, Time: 00:00:30

Health: -3/41      AC:  8    Str: 14    XL:     7   Next: 83%
Magic:  11/11      EV:  7    Int: 13    God:
Gold:   20         SH:  0    Dex: 13    Spells: 10/10 levels left

rFire   . . .      SeeInvis .   Y - +0 war axe (vorpal)
rCold   + . .      Faith    .   (no shield)
rNeg    . . .      Spirit   .   l - +0 chain mail
rPois   .          Reflect  .   (helmet restricted)
rElec   .          Harm     .   (no cloak)
rCorr   .          Rampage  .   (no gloves)
Will    .....                   (boots unavailable)
Stlth   ..........              (no amulet)
HPRegen 0.93/turn               n - ring of protection from cold
MPRegen 0.12/turn               (no ring)

@: about to teleport, flying quickly and evasively, quick
A: beak, talons 3, nimble flight, regeneration 1
a: no special abilities


You were on level 5 of the Dungeon.
You visited 1 branch of the dungeon, and saw 5 of its levels.

You collected 234 gold pieces.
You spent 214 gold pieces at shops.


Innate Abilities, Weirdness & Mutations

You have a beak for a mouth.
You have claws for feet.
Your magical nature lets you fly swiftly and evasively.
Your natural rate of healing is unusually fast.


   Skills:
 - Level 3.1 Fighting
 + Level 8.6 Axes
 - Level 2.1 Throwing
 - Level 2.0 Armour
 - Level 2.1 Dodging
 - Level 2.0 Spellcasting
 - Level 2.4 Translocations


You had 10 spell levels left.
You didn't know any spells.
Your spell library contained the following spells:

 Spells                   Type           Power      Damage    Failure   Level
 Blink                    Tloc           14%        N/A       98%         2
 Gell's Gravitas          Tloc           7%         N/A       100%        3
 Lesser Beckoning         Tloc           7%         N/A       100%        3
 Teleport Other           Tloc           7%         N/A       100%        3
 Manifold Assault         Tloc           7%         N/A       100%        5

Inventory:

Hand Weapons
 k - a +0 morningstar
 Y - a +0 vorpal war axe (weapon)
Missiles
 b - 6 javelins (quivered)
 i - 4 boomerangs
Armour
 c - a +1 cloak of stealth
 l - a +0 chain mail (worn)
Jewellery
 n - a ring of protection from cold (left hand)
Scrolls
 a - 2 scrolls of identify
 e - a scroll of teleportation
Potions
 f - 3 potions of heal wounds
 g - 2 potions of curing
 h - a potion of mutation

Dungeon Overview and Level Annotations

Branches:
Dungeon (5/15)
 Temple: D:4-7

Altars:
Elyvilon
Uskayaw
Vehumet

Shops:
D:5 [


Message History

The orc wizard casts a spell at you. You resist with some effort.
A black bear comes into view.
You closely miss the orc wizard.
The black bear growls angrily.
Your kick misses the orc wizard. Your punch misses the orc wizard.
The orc wizard is almost dead.
The orc wizard hits you but does no damage.
You completely miss the orc wizard. Your kick misses the orc wizard.
You peck the orc wizard.
You kill the orc wizard!
The white imp lashes its tail.
The white imp hits you. The white imp freezes you. You resist.
You barely miss the white imp. You claw the white imp.
The white imp is lightly wounded.
The white imp gestures at you. The puff of frost hits you. You resist.
You slash the white imp!
You kill the white imp!
You hit the iguana. You claw the iguana.
The iguana is lightly wounded.
You closely miss the scorpion.
The scorpion stings you but does no damage.
The iguana closely misses you.
You barely miss the iguana. You peck the iguana.
The iguana is moderately wounded.
You hit the scorpion.
The scorpion stings you but does no damage.
The iguana bites you!
You barely miss the iguana. You claw the iguana, but do no damage.
The iguana is moderately wounded.
You barely miss the scorpion.
The scorpion stings you but does no damage.
The iguana bites you!
The scorpion stings you but does no damage.
5266 ||| READING 2 scrolls of teleportation.
As you read the scroll of teleportation, it crumbles to dust.
You feel strangely unstable. The scorpion stings you. The iguana bites you!
You die...

#.# #### #..# . .###
#..# #..########.
.....##@#####.....#.....
......lsh.#.............
.....#..................
#... #.##...............
### #. ##..............
#. #.............. ###
#..............
#.###.(..).........
#....).............


You could see a black bear, a scorpion and an iguana.

Vanquished Creatures
  An ice beast (D:5)
  Blork the orc (D:5)
  2 scorpions
  A howler monkey (D:4)
  A hound (D:4)
  A jelly (D:5)
  2 iguanas (D:5)
  4 orc wizards (D:5)
  A gnoll (D:1)
  11 adders
  2 white imps (D:5)
  2 ufetubi (D:4)
  A worm (D:2)
  2 dart slugs
  4 orcs
  12 endoplasms
  2 giant cockroaches
  4 goblins
  10 hobgoblins
  7 jackals
  4 quokkas
  10 ball pythons
  8 bats
  7 frilled lizards
  8 kobolds
108 creatures vanquished.

Notes
Turn   | Place    | Note
-------+----------+-------------------------------------------
     0 | D:1      | qw the Tengu Warper began the quest for the Orb.
     0 | D:1      | Reached XP level 1. HP: 12/12 MP: 4/4
     0 | D:1      | 0 ||| qw: Version: 0.1-a-89-g26bdef1
     0 | D:1      | 0 ||| qw: Game counter: 131
     0 | D:1      | 0 ||| qw: Always use a shield: true
     0 | D:1      | 0 ||| qw: God list: Okawaru
     0 | D:1      | 0 ||| qw: Allow faded altars: false
     0 | D:1      | 0 ||| qw: Do Orc after D:15 true
     0 | D:1      | 0 ||| qw: Do second Lair branch before Depths: true
     0 | D:1      | 0 ||| qw: Lair rune preference: random
     0 | D:1      | 0 ||| qw: Plans: Normal
     0 | D:1      | 0 ||| PLANNING D:1-11
   295 | D:1      | Reached XP level 2. HP: 6/17 MP: 6/6
   532 | D:1      | Found a faded altar of an unknown god.
   577 | D:1      | Reached skill level 3 in Axes
   640 | D:1      | 640 ||| Stepping ~*~*~tactically~*~*~ (hiding).
   642 | D:1      | 642 ||| Stepping ~*~*~tactically~*~*~ (hiding).
   714 | D:1      | 714 ||| Stepping ~*~*~tactically~*~*~ (stealth).
   715 | D:1      | 715 ||| Stepping ~*~*~tactically~*~*~ (stealth).
   717 | D:1      | 717 ||| Stepping ~*~*~tactically~*~*~ (stealth).
   780 | D:1      | 780 ||| Stepping ~*~*~tactically~*~*~ (stealth).
   795 | D:1      | 795 ||| Stepping ~*~*~tactically~*~*~ (stealth).
   849 | D:1      | 849 ||| Stepping ~*~*~tactically~*~*~ (stealth).
   863 | D:1      | Reached XP level 3. HP: 21/21 MP: 7/7
  1047 | D:1      | 1047 ||| Stepping ~*~*~tactically~*~*~ (stealth).
  1090 | D:1      | 1090 ||| Stepping ~*~*~tactically~*~*~ (stealth).
  1095 | D:1      | Reached skill level 4 in Axes
  1124 | D:1      | 1124 ||| Stepping ~*~*~tactically~*~*~ (stealth).
  1283 | D:1      | 1283 ||| DROPPING +0 whip.
  1622 | D:1      | 1622 ||| UPGRADING to +0 ring mail.
  1632 | D:1      | 1632 ||| DROPPING +0 leather armour.
  1633 | D:1      | 1633 ||| UPGRADING to +0 chain mail.
  1643 | D:1      | 1643 ||| DROPPING +0 ring mail.
  1644 | D:1      | 1644 ||| READING scroll labelled YMUTASI ILEE.
  1645 | D:1      | 1645 ||| READING scroll labelled EGIDYD ZOET.
  1646 | D:1      | 1646 ||| READING scroll labelled TINNIQEPYGH.
  1647 | D:1      | 1647 ||| DRINKING 2 yellow potions.
  1648 | D:1      | 1648 ||| DROPPING scroll of blinking.
  1649 | D:1      | 1649 ||| Stepping randomly (stuck).
  1650 | D:1      | 1650 ||| Stepping ~*~*~tactically~*~*~ (cloud).
  1655 | D:1      | HP: 5/21 [poisoned by you (poison gas)]
  1979 | D:2      | Reached XP level 4. HP: 26/26 MP: 8/8
  2043 | D:2      | Reached skill level 5 in Axes
  2562 | D:2      | 2562 ||| Stepping ~*~*~tactically~*~*~ (stealth).
  2580 | D:2      | Gained mutation: Your magical nature lets you fly swiftly
                  | and evasively. [Tengu growth]
  2580 | D:2      | Reached XP level 5. HP: 22/30 MP: 9/9
  2937 | D:2      | 2937 ||| READING scroll labelled BIAGAUSM RISUMM.
  2938 | D:2      | 2938 ||| READING 2 scrolls labelled ANEUCRITOG.
  2943 | D:2      | 2943 ||| READING scroll labelled XUXICI TUIKEUD.
  2943 | D:2      | Identified a scroll of acquirement
  2943 | D:2      | 2943 ||| ACQUIRING +0 vorpal war axe
  2943 | D:2      | Acquired a +0 vorpal war axe
  2945 | D:2      | 2945 ||| SWAPPING to +0 vorpal war axe.
  2946 | D:2      | 2946 ||| DROPPING +1 hand axe.
  2947 | D:2      | 2947 ||| DRINKING 2 metallic red potions.
  2948 | D:2      | 2948 ||| READING 2 scrolls of identify.
  2948 | D:2      | 2948 ||| IDENTIFYING lumpy sapphire potion
  2949 | D:2      | 2949 ||| DROPPING potion of berserk rage.
  2963 | D:3      | Found a white marble altar of Elyvilon.
  2977 | D:3      | Reached skill level 6 in Axes
  3092 | D:3      | Found a radiant altar of Vehumet.
  3132 | D:3      | Found a hide-covered altar of Uskayaw.
  3248 | D:3      | 3248 ||| DROPPING +0 flail.
  3358 | D:3      | Identified the +1 leather armour of Damp Brilliance {Int+7}
  3801 | D:3      | Reached XP level 6. HP: 29/35 MP: 10/10
  3801 | D:3      | 3801 ||| FLEEEEING.
  3802 | D:3      | 3802 ||| FLEEEEING.
  3803 | D:3      | 3803 ||| FLEEEEING.
  3804 | D:3      | 3804 ||| FLEEEEING.
  3805 | D:3      | 3805 ||| FLEEEEING.
  3806 | D:3      | 3806 ||| FLEEEEING.
  3807 | D:3      | 3807 ||| FLEEEEING.
  3808 | D:3      | 3808 ||| FLEEEEING.
  3809 | D:3      | 3809 ||| FLEEEEING.
  3810 | D:3      | 3810 ||| FLEEEEING.
  3811 | D:3      | 3811 ||| FLEEEEING.
  3812 | D:3      | 3812 ||| FLEEEEING.
  3813 | D:3      | 3813 ||| FLEEEEING.
  3814 | D:3      | 3814 ||| FLEEEEING.
  3815 | D:3      | 3815 ||| FLEEEEING.
  3816 | D:3      | 3816 ||| FLEEEEING.
  3817 | D:3      | 3817 ||| FLEEEEING.
  3818 | D:3      | 3818 ||| FLEEEEING.
  3819 | D:3      | 3819 ||| FLEEEEING.
  3820 | D:3      | 3820 ||| FLEEEEING.
  4165 | D:3      | 4165 ||| DROPPING amulet of faith.
  4166 | D:3      | 4166 ||| UPGRADING to ring of protection from cold.
  4167 | D:3      | 4167 ||| READING scroll labelled ATHRIO MAGUAFF.
  4168 | D:3      | 4168 ||| READING scroll labelled WAJ POUWOISOUTOU.
  4169 | D:3      | 4169 ||| READING 2 scrolls of identify.
  4169 | D:3      | 4169 ||| IDENTIFYING clear potion
  4170 | D:3      | 4170 ||| DROPPING potion of brilliance.
  4765 | D:4      | Reached skill level 7 in Axes
  4948 | D:4      | 4948 ||| DROPPING +2 ring mail of cold resistance.
  4949 | D:4      | 4949 ||| DRINKING 2 emerald potions.
  4949 | D:4      | Gained mutation: Your natural rate of healing is unusually
                  | fast. [potion of mutation]
  4950 | D:4      | 4950 ||| READING 3 scrolls of identify.
  4950 | D:4      | 4950 ||| IDENTIFYING dark potion
  4951 | D:4      | 4951 ||| DROPPING potion of lignification.
  5019 | D:5      | Entered Level 5 of the Dungeon
  5020 | D:5      | Noticed Blork the orc
  5021 | D:5      | 5021 ||| STAIRDANCE
  5030 | D:4      | Reached skill level 3 in Fighting
  5042 | D:5      | Killed Blork the orc
  5043 | D:5      | Reached XP level 7. HP: 41/41 MP: 11/11
  5129 | D:5      | 5129 ||| Stepping ~*~*~tactically~*~*~ (stealth).
  5131 | D:5      | 5131 ||| Stepping ~*~*~tactically~*~*~ (hiding).
  5138 | D:5      | 5138 ||| Stepping ~*~*~tactically~*~*~ (hiding).
  5161 | D:5      | Reached skill level 8 in Axes
  5189 | D:5      | Found Kooptior's Armour Emporium.
  5229 | D:5      | 5229 ||| BUYING +1 cloak of stealth (214 gold).
  5229 | D:5      | Bought a +1 cloak of stealth for 214 gold pieces
  5229 | D:5      | 5229 ||| SHOPLISTING +1 hat (143 gold, have 20).
  5229 | D:5      | 5229 ||| SHOPLISTING +2 ring mail of fire resistance (273
                  | gold, have 20).
  5246 | D:5      | 5246 ||| Stepping ~*~*~tactically~*~*~ (hiding).
  5247 | D:5      | 5247 ||| Stepping ~*~*~tactically~*~*~ (hiding).
  5265 | D:5      | HP: 7/41 [iguana (7)]
  5266 | D:5      | 5266 ||| READING 2 scrolls of teleportation.
  5266 | D:5      | Slain by an iguana

Levels and vault maps discovered:
D:1:      dpeg_cavernosity, layout_basic, nicolae_ecumenical_snake_handling,
          corexii_item_surrounded_by_moat, minmay_misc_feat_enclosed
D:2:      kb_forest_paths, layout_basic, grunt_decor_fettered, minmay_cupped
D:3:      minmay_evil_eye, layout_basic, nicolae_vehumet_altar_sigil,
          nicolae_elyvilon_peaceful_grove, nicolae_uskayaw_dance_hall,
          minmay_unequal
D:4:      layout_basic, grunt_ministairs_8
D:5:      minmay_recursive_quarters, layout_rooms, mainiacjoe_overflow_paths,
          minmay_temple_entry_stoned_glass, serial_shops,
          nicolae_shop_window_shopping, uniq_blork_the_orc,
          uniq_crazy_yiuf_cottage

Skill      XL: |  1  2  3  4  5  6  7 |
---------------+----------------------+-----
Axes           | 3 4 5 6 7 8 |  8.6
Armour         | 2 |  2.0
Fighting       | 3 |  3.1
Throwing       | 2 |  2.1
Dodging        | |  2.1
Spellcasting   | |  2.0
Translocations | |  2.4

Action                   |  1- 3 |  4- 6 |  7- 9 || total
-------------------------+-------+-------+-------++-------
Melee: Hand axe          |    76 |    65 |       ||   141
       Kick              |    17 |    31 |    21 ||    69
       Peck              |     9 |    15 |    16 ||    40
       Punch             |     4 |     1 |     2 ||     7
       War axe           |       |    72 |    59 ||   131
Throw: Boomerang         |     7 |    39 |       ||    46
       Javelin           |       |    15 |     5 ||    20
  Use: Scroll            |     3 |     8 |     1 ||    12
       Potion            |     1 |     2 |       ||     3
Armor: Leather armour    |    19 |       |       ||    19
       Chain mail        |     4 |    78 |    32 ||   114
Dodge: Dodged            |    45 |    23 |    12 ||    80

Table legend:
 A = Non-vault XP
 B = Vault XP
 C = Vault XP percentage of total XP
 D = Non-vault monster count
 E = Vault monster count
 F = Vault count percentage of total count
                 A         B        C        D         E       F
            +---------+---------+-------+---------+---------+-------
      Total |     830 |     272 |  24.7 |      77 |      31 |  28.7
            +---------+---------+-------+---------+---------+-------
        D:1 |      41 |      25 |  37.9 |      25 |       7 |  21.9
        D:2 |      67 |      51 |  43.2 |      15 |       9 |  37.5
        D:3 |     117 |      41 |  25.9 |      14 |      10 |  41.7
        D:4 |     217 |      16 |   6.9 |      12 |       2 |  14.3
        D:5 |     388 |     139 |  26.4 |      11 |       3 |  21.4
            +---------+---------+-------+---------+---------+-------
